 Dungeon Crawl Stone Soup version 0.30-a0-722-g3e6e8c874d (webtiles) character file.

Game seed: 4954613696249122783

144 warriortoast the Trooper (level 5, -4/44 HPs)
             Began as a Barachi Fighter on Jan 27, 2023.
             Killed by divine providence
             ... invoked by an orc priest
              (8 damage)
             ... on level 3 of the Dungeon.
             The game lasted 00:02:32 (1808 turns).

warriortoast the Trooper (Barachi Fighter)          Turns: 1808, Time: 00:02:33

Health: -4/44      AC:  9    Str: 19    XL:     5   Next: 27%
Magic:  5/5        EV:  9    Int:  8    God:
Gold:   152        SH:  4    Dex: 12    Spells: 4/4 levels left

rFire   . . .      SeeInvis .    a - +0 war axe
rCold   . . .      Faith    .    c - +0 buckler
rNeg    . . .      Spirit   .    b - +0 scale mail
rPois   .          Reflect  .    (no helmet)
rElec   +          Harm     .    (no cloak)
rCorr   .          Rampage  .    j - +1 pair of gloves "Celoicag" {rElec Stlth+}
Will    .....                    (no boots)
Stlth   +                        (no amulet)
HPRegen 0.27/turn                e - ring of flight
MPRegen 0.09/turn                (no ring)

@: unable to hop, flying, slow
A: amphibious, slowness 1, strong legs 1, +LOS
a: Hop


You were on level 3 of the Dungeon.
You visited 1 branch of the dungeon, and saw 3 of its levels.

You collected 152 gold pieces.

Inventory:

Hand Weapons
 a - a +0 war axe (weapon)
Armour
 b - a +0 scale mail (worn)
 c - a +0 buckler (worn)
 j - the +1 pair of gloves "Celoicag" (worn) {rElec Stlth+}
   (You found it on level 2 of the Dungeon)

   rElec:     It insulates you from electricity.
   Stlth:     It makes you more stealthy.
Jewellery
 e - a ring of flight (left hand)
Wands
 n - a wand of digging (1)
Scrolls
 f - 2 scrolls of fear {unknown}
 g - 3 scrolls of teleportation {unknown}
 i - 3 scrolls of identify {unknown}
 k - a scroll of silence {unknown}
 m - a scroll of butterflies {unknown}
Potions
 d - a potion of might
 h - a potion of cancellation {unknown}
 l - 2 potions of berserk rage {unknown}
 o - a potion of flight {unknown}


   Skills:
 + Level 5.5 Fighting
 + Level 4.3 Axes
 - Level 3.6 Armour
 - Level 3.2 Shields


You had 4 spell levels left.
You didn't know any spells.
Your spell library contained the following spells:

 Spells                   Type           Power      Damage    Failure   Level
 Sublimation of Blood     Necr           0%         N/A       95%         2
 Wereblood                Tmut           0%         N/A       95%         2
 Hailstorm                Conj/Ice       0%         3d3       99%         3
 Ice Form                 Ice/Tmut       0%         N/A       100%        4
 Simulacrum               Ice/Necr       0%         N/A       100%        6
 Summon Hydra             Summ           0%         N/A       100%        7


Dungeon Overview and Level Annotations

Branches:
Dungeon (3/15)

Altars:
Gozag


Innate Abilities, Weirdness & Mutations

You are amphibious.
You cover ground slowly.
You can hop short distances.
You have an extended range of vision and can be seen from far away.


Message History

You are too injured to fight recklessly!
You are too injured to fight recklessly!
You are too injured to fight recklessly!
You are too injured to fight recklessly!
You are too injured to fight recklessly!
You are too injured to fight recklessly!
You are too injured to fight recklessly!
You are too injured to fight recklessly!
You are too injured to fight recklessly!
You are too injured to fight recklessly!
Unknown command.
The orc priest attacks as you move away!
The orc priest closely misses you. The orc hits you but does no damage.
You see here a +0 club.
The orc priest attacks as you move away!
The orc priest hits you with a +0 war axe.
The orc attacks as you move away! You block the orc's attack.
You see here a bat corpse.
The orc priest looks braver for a moment.
The orc attacks as you move away! You block the orc's attack.
The orc hits you but does no damage.
You see here a hobgoblin corpse.
Hop to where?
Press: ? - help, Dir - move target Boing!
The orc priest looks satisfied for a moment.
The orc priest invokes the aid of Beogh against you.
Beogh smites you!
* * * LOW HITPOINT WARNING * * *
The orc priest calls down the wrath of Beogh upon you.
Beogh smites you!
* * * LOW HITPOINT WARNING * * *
The orc priest casts a cantrip, but nothing happens.
Okay, then.
The orc attacks as you move away! The orc closely misses you.
There is a stone staircase leading up here.
The orc barely misses you.
The orc priest calls down the wrath of Beogh upon you.
Beogh smites you!
You die...

###############
#..............
##.####.#######
#...###.#####
#...........#
#..@##.####.....
##o###.# ### #.#
#.# #.# #.# ###.#
#.# #..o# #)#
#.#o# #.#
#.#.###.#########
#.#.#............


You could see 2 orc priests and an orc.

Vanquished Creatures
  Natasha (thrice) (D:2)
  Terence (D:2)
  An adder (D:2)
  A dart slug (D:1)
  An orc (D:3)
  2 ball pythons
  6 bats
  2 endoplasms (D:2)
  2 giant cockroaches (D:2)
  3 goblins
  2 hobgoblins
  2 quokkas (D:2)
  4 kobolds
  5 rats
35 creatures vanquished.

Notes
Turn   | Place    | Note
-------+----------+-------------------------------------------
     0 | D:1      | warriortoast the Barachi Fighter began the quest for the
                  | Orb.
     0 | D:1      | Reached XP level 1. HP: 18/18 MP: 1/1
   166 | D:1      | Reached skill level 4 in Fighting
   166 | D:1      | Reached XP level 2. HP: 25/25 MP: 2/2
   629 | D:1      | Found a faded altar of an unknown god.
   629 | D:1      | Found a faded altar of an unknown god.
   916 | D:2      | Identified the +1 pair of gloves "Celoicag" {rElec Stlth+}
  1072 | D:2      | Reached XP level 3. HP: 31/31 MP: 3/3
  1074 | D:2      | Noticed Natasha
  1081 | D:2      | Killed Natasha
  1082 | D:2      | Reached XP level 4. HP: 29/38 MP: 4/4
  1309 | D:2      | Noticed Natasha
  1317 | D:2      | Killed Natasha
  1318 | D:2      | Reached skill level 5 in Fighting
  1381 | D:2      | Noticed Natasha
  1397 | D:2      | Killed Natasha
  1443 | D:2      | Noticed Terence
  1456 | D:2      | Killed Terence
  1457 | D:2      | Reached XP level 5. HP: 30/44 MP: 1/5
  1777 | D:3      | Found an opulent altar of Gozag.
  1800 | D:3      | HP: 2/44 [orc priest/divine providence (9)]
  1808 | D:3      | Killed from afar by an orc priest

Illustrated notes

Levels and vault maps discovered:
D:1:      co_arrival_random_square_maze, layout_basic,
          hellmonk_ecumenical_altar_the_god_not_taken
D:2:      layout_loops_ring, chequers_serial_rivers_marsh, grunt_ministairs_4,
          uniq_natasha, uniq_terence
D:3:      layout_loops_ring, nicolae_gozag_seed_capital,
          mainiacjoe_overflow_24_doors

Skill      XL: |  1  2  3  4 |
---------------+-------------+-----
Fighting       | 4 5 |  5.5
Axes           | 3 4 |  4.3
Armour         | |  3.6
Shields        | |  3.2

Action                     |  1- 3 |  4- 6 || total
---------------------------+-------+-------++-------
  Melee: War axe           |    79 |    58 ||   137
Ability: Hop               |       |     1 ||     1
 Armour: Scale mail        |    42 |    32 ||    74
  Dodge: Dodged            |    34 |    32 ||    66
  Block: Buckler           |    14 |    13 ||    27

Table legend: (Time is in decaauts)
 A = Elapsed time spent in this place.
 B = Non-inter-level travel time spent in this place.
 C = Inter-level travel time spent in this place.
 D = Time resting spent in this place.
 E = Time spent auto-exploring this place.
 F = Levels seen in this place.
 G = Mean time per level.
                   A        B        C        D        E       F      G
               +--------+--------+--------+--------+--------+-----+--------+
         Total |   2152 |   2001 |    151 |      0 |   1615 |   3 |  717.3 |
       Dungeon |   2152 |   2001 |    151 |      0 |   1615 |   3 |  717.3 |
               +--------+--------+--------+--------+--------+-----+--------+

Top non-repeatable levels by time:
     D:2: 1147 daAuts
     D:1: 922 daAuts
     D:3: 82 daAuts
